 Dungeon Crawl Stone Soup version 0.31-a0-426-g3a05650e59 (webtiles) character file.

Game seed: 15286488005136123420

58 Ofeo the Changeling (level 3, -8/27 HPs)
             Began as a Demonspawn Shapeshifter on July 30, 2023.
             Mangled by a gnoll
             ... wielding a +0 flail
              (12 damage)
             ... on level 2 of the Dungeon.
             The game lasted 00:01:31 (1141 turns).

Ofeo the Changeling (Demonspawn Shapeshifter)       Turns: 1141, Time: 00:01:32

Health: -8/27      AC:  3    Str: 17    XL:     3   Next: 76%
Magic:  3/3        EV: 12    Int:  9    God:
Gold:   52         SH:  0    Dex: 13    Spells: 2/2 levels left

rFire   . .          .
                       - Unarmed
rCold   . . .        (no shield)
rNeg    + . .        a - +0 animal skin
rPois   .            (helmet currently unavailable)
rElec   .            (cloak currently unavailable)
rCorr   .            (gloves currently unavailable)
SInv    .            (boots currently unavailable)
Will    +....        (no amulet)
Stlth   +            e - ring of willpower
HPRegen 0.24/turn    i - ring of positive energy
MPRegen 0.08/turn

%: no passive effects
@: beast-form
A: beast (slay +2), sharp scales 1
a: Begin Untransformation


You were on level 2 of the Dungeon.
You were a hulking beast.
You visited 1 branch of the dungeon, and saw 2 of its levels.

You collected 52 gold pieces.

Inventory:

Armour
 a - a +0 animal skin (worn)
Jewellery
 e - a ring of willpower (left hand)
 f - a ring of ice
 i - a ring of positive energy (right hand)
Talismans
 c - a beast talisman (active)
Scrolls
 d - a scroll of immolation {unknown}
 h - a scroll of identify {unknown}
Potions
 b - a potion of lignification
 g - a potion of might {unknown}


   Skills:
 + Level 2.2 Fighting
 + Level 2.5 Dodging
 - Level 2.6 Unarmed Combat
 + Level 3.1 Shapeshifting


You had 2 spell levels left.
You didn't know any spells.
Your spell library was empty.

Dungeon Overview and Level Annotations

Branches:
Dungeon (2/15)

Altars:
Dithmenos


Innate Abilities, Weirdness & Mutations

You are a hulking beast.
Your limbs bulge with bestial killing power. (Slay +2)
You are partially covered in razor-sharp scales. (AC +1, Slay +1)


Message History

You hit the gnoll.
The gnoll is moderately wounded.
The gnoll hits you with a +0 flail.
* * * LOW HITPOINT WARNING * * *
The gnoll misses you.
You take 6 damage, and have 6/27 hp.
MASSIVE DAMAGE!!
The gnoll misses you.
You hit the gnoll.
The gnoll is heavily wounded.
The gnoll barely misses you. The gnoll closely misses you.
The gnoll attacks as you move away! The gnoll hits you but does no damage.
You hit the gnoll.
The gnoll is severely wounded.
The gnoll closely misses you. The gnoll hits you with a +0 flail.
* * * LOW HITPOINT WARNING * * *
You take 3 damage, and have 4/27 hp.
You hit the gnoll.
The gnoll is almost dead.
The gnoll barely misses you. The gnoll attacks as you move away!
The gnoll hits you but does no damage.
You hit the gnoll.
The gnoll is severely wounded.
The gnoll hits you with a +0 flail.
* * * LOW HITPOINT WARNING * * *
You take 2 damage, and have 3/27 hp.
You punch the gnoll!
You kill the gnoll!
You closely miss the gnoll.
The gnoll is almost dead.
The gnoll throws a stone.
The stone closely misses you.
You hit the gnoll.
You kill the gnoll!
You hit the gnoll.
The gnoll is lightly wounded.
The gnoll closely misses you.
You punch the gnoll!
The gnoll is almost dead.
The gnoll hits you with a +0 flail!
You die...

#.. #.# #.∩.. #.###### #.#
#..... #.....># #.# #.....
######.# #.# #.∩..♣ ### #.##
#.# #.#..## ..#### ##..#####.#
#.##.#. .....#
##.#.#.#.#.####.##.#. #.##.#
#...hg.........>.....
#.##.######.#)#.#.#.#.........
#.##.................###......
#.##.######.#.#.#.#.## ####...
#.##.# ##............# ##..
####.##.###..#.#.#.#.#.######
##.
#...........................#
#.
#.##.##.###.##.#.#.#.#.####.#
#. #.##.##.##..............#
#.# #.


You could see a gnoll.

Vanquished Creatures
  2 gnolls (D:2)
  An adder (D:2)
  A dart slug (D:2)
  2 endoplasms
  A giant cockroach (D:2)
  6 goblins
  2 hobgoblins (D:2)
  A jackal (D:2)
  A kobold (D:1)
  2 quokkas
  3 ball pythons
  A frilled lizard (D:2)
  2 rats (D:1)
25 creatures vanquished.

Notes
Turn   | Place    | Note
-------+----------+-------------------------------------------
     0 | D:1      | Ofeo the Demonspawn Shapeshifter began the quest for the
                  | Orb.
     0 | D:1      | Reached XP level 1. HP: 15/15 MP: 1/1
   372 | D:1      | Gained mutation: You are partially covered in razor-sharp
                  | scales. (AC +1, Slay +1) [demonic ancestry]
   372 | D:1      | Reached XP level 2. HP: 21/21 MP: 2/2
   904 | D:2      | Reached skill level 3 in Shapeshifting
   912 | D:2      | Reached XP level 3. HP: 21/27 MP: 3/3
  1039 | D:2      | Found a shadowy altar of Dithmenos.
  1141 | D:2      | Mangled by a gnoll

Illustrated notes

Levels and vault maps discovered:
D:1:      tarquinn_simple_flora_water_e, layout_basic, chequers_arboretum
D:2:      layout_loops_ring, basic_altar, hellmonk_ecumenical_altar_arch_garden,
          st_stairs_10

Skill      XL: |  1  2  3 |
---------------+----------+-----
Dodging        | 2 |  2.5
Shapeshifting  | 3 |  3.1
Fighting       | 2 |  2.2
Unarmed Combat | |  2.6

Action                     || total
---------------------------++-------
  Melee: Unarmed           ||    87
         Punch             ||     1
   Stab: Sleeping          ||     1
 Armour: Animal skin       ||    12
  Dodge: Dodged            ||    53

Table legend: (Time is in decaauts)
 A = Elapsed time spent in this place.
 B = Non-inter-level travel time spent in this place.
 C = Inter-level travel time spent in this place.
 D = Time resting spent in this place.
 E = Time spent auto-exploring this place.
 F = Levels seen in this place.
 G = Mean time per level.
                   A        B        C        D        E       F      G
               +--------+--------+--------+--------+--------+-----+--------+
         Total |   1136 |   1120 |     16 |      0 |    936 |   2 |  568.0 |
       Dungeon |   1136 |   1120 |     16 |      0 |    936 |   2 |  568.0 |
               +--------+--------+--------+--------+--------+-----+--------+

Top non-repeatable levels by time:
     D:1: 749 daAuts
     D:2: 386 daAuts
